[ AOE2 MATCH · #463525551 ]
1v1 RMBohemians vs Goths
Player's team · WIN
Rival team · LOSS
[ REPLAY ANALYSIS · EXTRACTED FROM THE RECORDED GAME ]
Feudal
12:28
Castle
17:46
Imperial
29:55
| APM avg | 32.3 |
| APM peak | 64 |
| eAPM avg | 23.6 |
| Villagers / military | 65 / 41 |
Focus
⚔️ 38.0% · 🌾 62.0%
Hand Cannoneer ×33 · Hussite Wagon ×4 · Monk ×2 · Trebuchet (Packed) ×2
Feudal
11:10
Castle
16:18
Imperial
32:32
| APM avg | 19.0 |
| APM peak | 41 |
| eAPM avg | 12.7 |
| Villagers / military | 93 / 8 |
Focus
⚔️ 18.2% · 🌾 81.8%
Huskarl ×8
Match map
Initial resources + every placement click. Lines = walls · curves = elevation contours. ◆ gold · ⬟ stone · ● berries · ✦ relic · ◌ wall gap
Your base· ✓ Closed at 17:46 · 0t walls · 3 gate(s)
mav1019's base· ✓ Closed at 16:18 · 0t walls · 2 gate(s)
Smoothed initial terrain · ◌ = detected wall gap · hover for details
Inputs per minute
— Basmarti - - mav1019
Build order — Basmarti
First 150 of 177 actions detected
| 0:07 | Build | House |
| 0:08 | Build | House |
| 0:08 | Create | Villager (Male) |
| 0:09 | Create | Villager (Male) |
| 0:09 | Create | Villager (Male) |
| 0:09 | Create | Villager (Male) |
| 0:10 | Build | House |
| 1:25 | Create | Villager (Male) |
| 1:36 | Research | Loom |
| 2:01 | Create | Villager (Male) |
| 2:22 | Build | Lumber Camp |
| 2:36 | Create | Villager (Male) |
| 2:55 | Create | Villager (Male) |
| 3:08 | Create | Villager (Male) |
| 3:34 | Create | Villager (Male) |
| 3:43 | Create | Villager (Male) |
| 4:52 | Create | Villager (Male) |
| 4:53 | Create | Villager (Male) |
| 4:53 | Create | Villager (Male) |
| 5:04 | Create | Villager (Male) |
| 5:05 | Create | Villager (Male) |
| 5:05 | Create | Villager (Male) |
| 5:25 | Build | Mill |
| 5:33 | Build | Mill |
| 5:37 | Create | Villager (Male) |
| 5:37 | Create | Villager (Male) |
| 5:37 | Create | Villager (Male) |
| 5:48 | Build | House |
| 5:49 | Build | House |
| 5:54 | Build | House |
| 6:04 | Create | Villager (Male) |
| 6:29 | Create | Villager (Male) |
| 6:57 | Build | House |
| 7:02 | Build | House |
| 7:03 | Build | House |
| 7:16 | Create | Villager (Male) |
| 7:26 | Build | Farm |
| 8:12 | Build | Farm |
| 8:17 | Build | Farm |
| 8:19 | Create | Villager (Male) |
| 8:43 | Build | Mining Camp |
| 8:51 | Create | Villager (Male) |
| 9:22 | Create | Villager (Male) |
| 9:48 | Research | Feudal Age |
| 9:58 | Build | Mill |
| 10:41 | Build | Mining Camp |
| 12:14 | Create | Villager (Male) |
| 12:14 | Create | Villager (Male) |
| 12:17 | Research | Loom |
| 12:17 | Create | Villager (Male) |
| 12:28 | Age | Feudal Age |
| 12:31 | Build | Blacksmith |
| 12:45 | Build | Market |
| 12:50 | Build | House |
| 13:02 | Create | Villager (Male) |
| 13:10 | Research | Double-Bit Axe |
| 13:40 | Create | Villager (Male) |
| 13:59 | Create | Villager (Male) |
| 14:09 | Build | Farm |
| 14:14 | Build | Farm |
| 14:16 | Build | Farm |
| 14:16 | Build | Farm |
| 14:24 | Create | Villager (Male) |
| 14:58 | Build | Farm |
| 15:06 | Research | Castle Age |
| 15:46 | Create | Villager (Male) |
| 16:07 | Research | Horse Collar |
| 16:30 | Create | Villager (Male) |
| 17:46 | Age | Castle Age |
| 18:00 | Build | Castle |
| 18:34 | Create | Villager (Male) |
| 18:34 | Create | Villager (Male) |
| 18:35 | Create | Villager (Male) |
| 19:19 | Build | Barracks |
| 19:42 | Create | Villager (Male) |
| 19:46 | Build | Lumber Camp |
| 19:51 | Build | Farm |
| 19:52 | Create | Villager (Male) |
| 20:01 | Build | Farm |
| 20:02 | Create | Villager (Male) |
| 20:22 | Build | University |
| 20:24 | Build | House |
| 20:26 | Build | House |
| 20:31 | Build | Monastery |
| 20:33 | Build | House |
| 20:34 | Build | House |
| 20:52 | Build | Farm |
| 20:53 | Build | Farm |
| 21:02 | Create | Monk |
| 21:09 | Research | Fervor |
| 21:10 | Research | Sanctity |
| 21:12 | Create | Villager (Male) |
| 21:13 | Create | Villager (Male) |
| 21:17 | Build | Farm |
| 21:18 | Create | Villager (Male) |
| 21:47 | Build | Farm |
| 21:48 | Create | Villager (Male) |
| 22:03 | Create | Hussite Wagon |
| 22:09 | Research | Fletching |
| 22:23 | Build | Archery Range |
| 22:24 | Build | Archery Range |
| 22:32 | Create | Villager (Male) |
| 22:33 | Create | Villager (Male) |
| 22:35 | Build | Farm |
| 22:37 | Build | Farm |
| 22:38 | Create | Villager (Male) |
| 22:39 | Create | Villager (Male) |
| 23:03 | Create | Monk |
| 23:33 | Research | Wheelbarrow |
| 23:56 | Research | Chemistry |
| 24:07 | Create | Villager (Male) |
| 24:17 | Research | Town Watch |
| 24:19 | Research | Town Watch |
| 24:23 | Research | Wheelbarrow |
| 24:23 | Research | Wheelbarrow |
| 24:44 | Build | Farm |
| 24:52 | Build | Castle |
| 24:59 | Build | Mining Camp |
| 25:05 | Create | Villager (Male) |
| 25:18 | Build | Farm |
| 26:02 | Create | Villager (Male) |
| 26:30 | Build | Farm |
| 26:32 | Create | Villager (Male) |
| 26:45 | Research | Imperial Age |
| 26:49 | Build | Farm |
| 27:07 | Create | Hand Cannoneer ×2 |
| 27:45 | Research | Ballistics |
| 27:46 | Research | Treadmill Crane |
| 27:46 | Research | Masonry |
| 27:53 | Create | Hand Cannoneer ×4 |
| 27:53 | Create | Hand Cannoneer ×4 |
| 28:11 | Build | Siege Workshop |
| 28:34 | Research | Murder Holes |
| 28:37 | Create | Villager (Male) |
| 28:37 | Create | Villager (Male) |
| 28:54 | Create | Hand Cannoneer ×2 |
| 28:54 | Create | Hand Cannoneer ×2 |
| 28:59 | Build | Archery Range |
| 29:00 | Build | Archery Range |
| 29:20 | Build | Mill |
| 29:29 | Create | Hand Cannoneer ×5 |
| 29:29 | Create | Hand Cannoneer ×5 |
| 29:55 | Age | Imperial Age |
| 29:56 | Create | Trebuchet (Packed) |
| 30:07 | Research | Wagenburg Tactics |
| 30:11 | Research | Forging |
| 30:29 | Build | Farm |
| 30:31 | Create | Villager (Male) |
| 30:32 | Research | Town Watch |
| 30:38 | Create | Hussite Wagon |
Build order — mav1019
First 150 of 208 actions detected
| 0:00 | Create | Villager (Male) |
| 0:01 | Create | Villager (Male) |
| 0:01 | Create | Villager (Male) |
| 0:01 | Create | Villager (Male) |
| 0:02 | Build | House |
| 0:06 | Build | House |
| 0:12 | Research | Loom |
| 1:31 | Create | Villager (Male) |
| 1:31 | Create | Villager (Male) |
| 1:39 | Create | Villager (Male) |
| 1:46 | Build | Lumber Camp |
| 2:23 | Create | Villager (Male) |
| 2:23 | Create | Villager (Male) |
| 2:32 | Create | Villager (Male) |
| 2:33 | Create | Villager (Male) |
| 3:14 | Create | Villager (Male) |
| 3:27 | Create | Villager (Male) |
| 3:51 | Build | House |
| 3:52 | Build | Mill |
| 4:05 | Create | Villager (Male) |
| 4:05 | Create | Villager (Male) |
| 4:34 | Create | Villager (Male) |
| 4:34 | Create | Villager (Male) |
| 4:34 | Create | Villager (Male) |
| 5:26 | Create | Villager (Male) |
| 5:26 | Create | Villager (Male) |
| 5:31 | Build | House |
| 5:32 | Build | House |
| 6:05 | Create | Villager (Male) |
| 6:05 | Create | Villager (Male) |
| 6:05 | Create | Villager (Male) |
| 6:06 | Create | Villager (Male) |
| 6:06 | Create | Villager (Male) |
| 6:09 | Build | Lumber Camp |
| 6:25 | Create | Villager (Male) |
| 6:26 | Create | Villager (Male) |
| 7:13 | Create | Villager (Male) |
| 7:25 | Build | Mining Camp |
| 7:49 | Create | Villager (Male) |
| 8:40 | Build | Mining Camp |
| 8:56 | Research | Feudal Age |
| 9:47 | Build | Farm |
| 9:51 | Build | Farm |
| 11:10 | Age | Feudal Age |
| 11:14 | Build | Blacksmith |
| 11:15 | Build | Market |
| 11:29 | Create | Villager (Male) |
| 11:30 | Create | Villager (Male) |
| 12:32 | Build | Farm |
| 13:24 | Build | Mill |
| 13:38 | Research | Castle Age |
| 13:53 | Build | House |
| 13:53 | Build | House |
| 13:55 | Build | House |
| 14:36 | Research | Double-Bit Axe |
| 16:18 | Age | Castle Age |
| 16:21 | Create | Villager (Male) |
| 16:21 | Create | Villager (Male) |
| 16:26 | Build | Farm |
| 16:26 | Build | Farm |
| 16:26 | Build | Farm |
| 16:27 | Build | Farm |
| 17:24 | Build | Castle |
| 17:41 | Create | Villager (Male) |
| 17:41 | Create | Villager (Male) |
| 17:49 | Build | Town Center |
| 18:02 | Create | Villager (Male) |
| 18:02 | Create | Villager (Male) |
| 19:16 | Create | Villager (Male) |
| 19:16 | Create | Villager (Male) |
| 19:22 | Create | Villager (Male) |
| 19:24 | Create | Villager (Male) |
| 19:25 | Create | Villager (Male) |
| 19:31 | Build | Town Center |
| 19:33 | Create | Villager (Male) |
| 19:36 | Create | Villager (Male) |
| 19:37 | Create | Villager (Male) |
| 20:33 | Create | Villager (Male) |
| 20:33 | Create | Villager (Male) |
| 20:33 | Create | Villager (Male) |
| 20:34 | Create | Villager (Male) |
| 20:34 | Create | Villager (Male) |
| 20:39 | Create | Villager (Male) |
| 20:39 | Create | Villager (Male) |
| 20:49 | Research | Wheelbarrow |
| 20:51 | Create | Villager (Male) |
| 20:52 | Create | Villager (Male) |
| 21:08 | Build | Farm |
| 21:08 | Build | Farm |
| 21:08 | Build | Farm |
| 21:09 | Build | Farm |
| 21:22 | Create | Villager (Male) |
| 21:24 | Create | Villager (Male) |
| 21:26 | Create | Villager (Male) |
| 21:41 | Create | Villager (Male) |
| 21:58 | Build | Farm |
| 21:58 | Build | Farm |
| 21:59 | Build | Farm |
| 21:59 | Build | Farm |
| 21:59 | Build | Farm |
| 22:17 | Research | Horse Collar |
| 22:37 | Create | Villager (Male) |
| 22:49 | Build | Farm |
| 22:52 | Build | Farm |
| 23:06 | Create | Villager (Male) |
| 23:10 | Create | Villager (Male) |
| 23:22 | Create | Villager (Male) |
| 23:27 | Create | Villager (Male) |
| 24:03 | Build | Castle |
| 24:13 | Create | Villager (Male) |
| 24:13 | Create | Villager (Male) |
| 24:18 | Create | Villager (Male) |
| 24:20 | Create | Villager (Male) |
| 24:20 | Create | Villager (Male) |
| 24:27 | Build | House |
| 24:27 | Build | House |
| 24:28 | Build | House |
| 24:28 | Build | House |
| 24:29 | Build | House |
| 24:47 | Build | Barracks |
| 25:09 | Create | Villager (Male) |
| 25:09 | Create | Villager (Male) |
| 25:10 | Create | Villager (Male) |
| 25:10 | Create | Villager (Male) |
| 25:12 | Create | Villager (Male) |
| 25:25 | Build | Barracks |
| 25:43 | Create | Huskarl |
| 25:43 | Create | Huskarl |
| 25:43 | Create | Huskarl |
| 25:59 | Create | Villager (Male) |
| 26:00 | Create | Villager (Male) |
| 26:02 | Create | Villager (Male) |
| 26:02 | Create | Villager (Male) |
| 26:03 | Create | Villager (Male) |
| 26:03 | Create | Villager (Male) |
| 26:07 | Build | Farm |
| 26:07 | Build | Farm |
| 26:08 | Build | Farm |
| 26:08 | Build | Farm |
| 26:08 | Build | Farm |
| 26:08 | Build | Farm |
| 26:20 | Build | House |
| 26:20 | Build | House |
| 26:21 | Build | House |
| 26:21 | Build | House |
| 26:22 | Build | House |
| 26:23 | Build | House |
| 26:26 | Build | University |
| 26:38 | Create | Villager (Male) |
| 26:40 | Create | Villager (Male) |
Match timeline
| 11:10 | mav1019 · age_up feudal |
| 12:28 | Basmarti · age_up feudal |
| 14:44 | Basmarti · first_market_sell 100 stone |
| 14:46 | Basmarti · first_market_buy 100 food |
| 16:18 | mav1019 · age_up castle |
| 17:24 | mav1019 · first_building Castle |
| 17:46 | Basmarti · age_up castle |
| 18:00 | Basmarti · first_building Castle |
| 19:19 | Basmarti · first_building Barracks |
| 20:31 | Basmarti · first_building Monastery |
| 22:23 | Basmarti · first_building Archery Range |
| 24:47 | mav1019 · first_building Barracks |
| 28:11 | Basmarti · first_building Siege Workshop |
| 29:14 | mav1019 · first_market_sell 100 wood |
| 29:17 | mav1019 · first_market_buy 100 food |
| 29:51 | mav1019 · first_building Archery Range |
| 29:55 | Basmarti · age_up imperial |
| 32:32 | mav1019 · age_up imperial |
| 33:24 | mav1019 · resign |
[ AI ANALYSIS · 1 CREDIT ]
What really happened in this match?
Wolo.gg analyzes every decision: build order, eco, micro, common mistakes by bracket. Personalized analysis on WhatsApp or Discord in 30 seconds.
Civ guide
Bohemians
Map guide
Arena
Perfil
Basmarti